 Dungeon Crawl Stone Soup version 0.30.0-29-ga12c61a403 (webtiles) character file.

Game seed: 2615330775850832960

2941 Fodor the Basher (level 9, -4/78 HPs)
             Began as a Minotaur Fighter on June 13, 2023.
             Was an Initiate of Gozag.
             Slain by a gargoyle
             ... wielding a +0 flail
              (17 damage)
             ... on level 6 of the Dungeon.
             The game lasted 00:34:22 (6499 turns).

Fodor the Basher (Minotaur Fighter)                 Turns: 6499, Time: 00:34:28

Health: -4/78      AC:  9    Str: 22    XL:     9   Next: 51%
Magic:  8/8        EV: 17    Int:  5    God:    Gozag
Gold:   274        SH:  6    Dex: 19    Spells: 8/8 levels left

rFire   . . .        x - +4 mace (drain)
rCold   . . .        c - +0 buckler
rNeg    . . .        b - +0 scale mail
rPois   .            (helmet restricted)
rElec   .            e - +0 cloak
rCorr   .            (no gloves)
SInv    .            (no boots)
Will    .....        (no amulet)
Stlth   +            r - +5 ring of evasion
HPRegen 0.33/turn    v - +6 ring of dexterity
MPRegen 0.11/turn

%: no passive effects
@: gold aura, slowed, very slow
A: horns 2, retaliatory headbutt
a: Renounce Religion, Potion Petition, Call Merchant, Bribe Branch


You were on level 6 of the Dungeon.
You worshipped Gozag.
Gozag was aware of your devotion.
You visited 2 branches of the dungeon, and saw 8 of its levels.

You collected 505 gold pieces.
You paid 231 gold pieces to Gozag.

Inventory:

Hand Weapons
 k - a +1 vampiric dagger
 x - a +4 mace of draining (weapon)
Missiles
 i - 73 stones
 t - 15 poisoned darts (quivered)
 C - 5 datura-tipped darts
 D - 2 throwing nets
Armour
 b - a +0 scale mail (worn)
 c - a +0 buckler (worn)
 e - a +0 cloak (worn)
Jewellery
 r - a +5 ring of evasion (left hand)
 v - a +6 ring of dexterity (right hand)
Scrolls
 f - 5 scrolls of teleportation
 h - 2 scrolls of vulnerability
 o - a scroll of fog
 p - a scroll of enchant armour {unknown}
 w - a scroll of fear {unknown}
 y - 2 scrolls of magic mapping
 z - 3 scrolls of blinking
 E - a scroll of acquirement {unknown}
Potions
 a - a potion of flight {unknown}
 d - a potion of might
 g - a potion of ambrosia {unknown}
 j - 2 potions of resistance {unknown}
 l - 3 potions of lignification {unknown}
 m - a potion of mutation {unknown}
 n - 3 potions of curing
 q - 2 potions of attraction {unknown}
 s - 2 potions of magic
 u - a potion of heal wounds {unknown}
 A - a potion of haste {unknown}
 B - a potion of brilliance {unknown}


   Skills:
 + Level 6.4 Fighting
 + Level 3.3(4.3) Short Blades
 + Level 4.4(5.1) Long Blades
 + Level 8.6 Maces & Flails
 + Level 1.4 Throwing
 + Level 8.0 Armour
 + Level 3.8 Dodging
 + Level 1.1 Stealth
 + Level 7.0 Shields


You had 8 spell levels left.
You didn't know any spells.
Your spell library contained the following spells:

 Spells                   Type           Power      Damage    Failure   Level
 Apportation              Tloc           0%         N/A       83%         1
 Beastly Appendage        Tmut           0%         N/A       83%         1
 Necrotise                Necr           0%         1d4       83%         1
 Summon Small Mammal      Summ           0%         N/A       83%         1
 Ensorcelled Hibernation  Hex/Ice        0%         N/A       92%         2
 Passwall                 Tmut/Erth      0%         N/A       92%         2
 Wereblood                Tmut           0%         N/A       92%         2
 Ozocubu's Armour         Ice            0%         N/A       99%         3
 Portal Projectile        Hex/Tloc       0%         N/A       99%         3
 Spider Form              Tmut/Pois      0%         N/A       99%         3
 Summon Guardian Golem    Hex/Summ       0%         N/A       99%         3
 Swiftness                Air            0%         N/A       99%         3
 Metabolic Englaciation   Hex/Ice        0%         N/A       100%        5
 Animate Dead             Necr           Unusable   N/A       N/A         4
 Simulacrum               Ice/Necr       Unusable   N/A       N/A         6

Dungeon Overview and Level Annotations

Branches:
Dungeon (7/15)             Temple (1/1) D:7

Altars:
Ashenzari
Gozag
Kikubaaqudgha
Ru
Sif Muna
Yredelemnul


Innate Abilities, Weirdness & Mutations

You have a pair of horns on your head.
You reflexively headbutt those who attack you in melee.


Message History

The black bear claws you but does no damage.
The gargoyle attacks as you move away! The gargoyle hits you with a +0 flail.
You block the wraith's attack. The wraith attacks as you move away!
You block the wraith's attack.
You feel better. The wraith hits you but does no damage.
You block the gargoyle's attack. The wraith hits you but does no damage.
You feel better. The wraith closely misses you.
The gargoyle completely misses you.
You closely miss the wraith. You headbutt the wraith.
The wraith is heavily damaged.
The wraith completely misses you. You furiously retaliate!
You headbutt the wraith.
The gargoyle hurls a stone arrow at you.
The stone arrow hits you!! The wraith closely misses you.
You furiously retaliate!
You headbutt the wraith!
You destroy the wraith!
The gargoyle hurls a stone arrow at you.
The stone arrow hits you!
* * * LOW HITPOINT WARNING * * *
Your Armour skill increases to level 8!
Your Shields skill increases to level 7!
You feel better. The black bear bites you.
You block the black bear's attack. x2
The gargoyle misses you. You furiously retaliate!
You headbutt the gargoyle.
You feel better. The black bear bites you.
The black bear claws you but does no damage.
You block the black bear's attack. The gargoyle misses you.
You furiously retaliate!
You headbutt the gargoyle!
The black bear bites you but does no damage.
The black bear misses you. The black bear claws you.
The gargoyle hurls a stone arrow at you.
The stone arrow hits you!
* * * LOW HITPOINT WARNING * * *
You sock the black bear! Your headbutt misses the black bear.
The black bear is moderately wounded.
The black bear bites you.
* * * LOW HITPOINT WARNING * * *
The black bear claws you but does no damage.
The black bear closely misses you. The gargoyle hits you with a +0 flail!
You die...
Your body crumbles into a pile of gold.

<..#..........#>...#
$ ##..>....
..###.........#....#
#........
..............#....#
##.....#.
...........##.#....#
#<.#.....
#####....#########'#
######.#.
###.##...#....#....#
###.
##.......#....#.⌠..#
##..
.........#....#9.⌠.#
#...
....##...#....'h@..#
#...
.........#....######
#... #.#.#....#....


$$$$$$$$$ #... #######..#.... $$$$$$$$$ #... # ##...#.... $$$$$$$$$ #...
####.#...#.... $$$$$$$$$ #... #†.......#+### #... ..#......# #... .##......#
#... You could see a black bear and a gargoyle.

Vanquished Creatures
  Sigmund (D:2)
  A wraith (D:6)
  Eustachio (D:6)
  A steam dragon (D:7)
  4 ice beasts
  An ogre (D:5)
  A phantom (D:5)
  3 bullfrogs (D:7)
  A kobold brigand (D:7)
  A gnoll sergeant (D:5)
  A water moccasin zombie (D:6)
  3 scorpions
  A wight (D:6)
  A howler monkey (D:7)
  2 centaur zombies (D:6)
  5 hounds
  A human zombie (D:6)
  5 bullfrog zombies (D:6)
  4 jellies
  An orc priest (D:7)
  Jessica (D:3)
  3 orc wizards
  3 sleepcaps
  3 iguanas
  2 howler monkey zombies (D:6)
  8 adders
  9 gnolls
  A shadow imp (D:7)
  2 white imps
  An ufetubus (D:5)
  2 worms
  3 dart slugs
  29 orcs
  4 ball pythons
  7 endoplasms
  5 giant cockroaches
  25 goblins
  6 hobgoblins
  8 jackals
  A quokka (D:3)
  7 bats
  5 frilled lizards
  15 kobolds
  3 rats
192 creatures vanquished.

Notes
Turn   | Place    | Note
-------+----------+-------------------------------------------
     0 | D:1      | Fodor the Minotaur Fighter began the quest for the Orb.
     0 | D:1      | Reached XP level 1. HP: 19/19 MP: 0/0
   291 | D:1      | Reached XP level 2. HP: 27/27 MP: 1/1
   800 | D:2      | Reached XP level 3. HP: 27/33 MP: 2/2
   907 | D:2      | Identified the +0 robe of the Salmon {Str-3 SInv Stlth+
                  | Archmagi}
  1186 | D:2      | Found a faded altar of an unknown god.
  1293 | D:2      | Noticed Sigmund
  1319 | D:2      | Killed Sigmund
  1320 | D:2      | Reached skill level 1 in Short Blades
  1320 | D:2      | Reached XP level 4. HP: 28/41 MP: 3/3
  1320 | D:2      | Reached XP level 5. HP: 33/47 MP: 4/4
  1777 | D:3      | Noticed Jessica
  1784 | D:3      | Killed Jessica
  1825 | D:3      | Reached XP level 6. HP: 53/53 MP: 5/5
  1891 | D:3      | Reached skill level 1 in Dodging
  2538 | D:4      | Reached skill level 5 in Armour
  2822 | D:4      | Found a basalt altar of Yredelemnul.
  3044 | D:4      | Reached skill level 1 in Maces & Flails
  3213 | D:5      | Entered Level 5 of the Dungeon
  3417 | D:5      | Noticed an ice beast
  3424 | D:5      | Killed an ice beast
  3425 | D:5      | Reached XP level 7. HP: 49/60 MP: 6/6
  3427 | D:5      | Found a broken altar of Ashenzari.
  3541 | D:5      | Reached skill level 1 in Stealth
  3615 | D:5      | Reached skill level 5 in Shields
  3870 | D:5      | Found a sacrificial altar of Ru.
  3915 | D:5      | Reached skill level 5 in Fighting
  4143 | D:5      | Reached XP level 8. HP: 65/68 MP: 7/7
  4431 | D:5      | Reached skill level 5 in Maces & Flails
  4459 | D:5      | Identified the +0 falchion of Festooned Offence {drain,
                  | rPois Str-4 Int+6}
  4877 | D:6      | Found an ancient bone altar of Kikubaaqudgha.
  5149 | D:6      | Noticed Eustachio
  5159 | D:6      | Killed Eustachio
  5160 | D:6      | Reached XP level 9. HP: 75/75 MP: 8/8
  5464 | D:7      | Found a staircase to the Ecumenical Temple.
  5486 | Temple   | Entered the Ecumenical Temple
  5502 | Temple   | Became a worshipper of Gozag Ym Sagoz the Greedy
  6152 | D:7      | Got the Quarto of Entranced Misery
  6193 | D:7      | Reached skill level 1 in Throwing
  6485 | D:6      | Noticed a gargoyle
  6499 | D:6      | Slain by a gargoyle

Illustrated notes

Levels and vault maps discovered:
D:1:      zaba_arrival_water, layout_rooms
D:2:      layout_loops_ring, shapermc_ecumenical_altar_mp_urbaneastern,
          moated_statue, minmay_pentomino_z2, uniq_sigmund
D:3:      layout_loops_ring, uniq_jessica
D:4:      nicolae_cairo_tiling, layout_cave_pools, old_standard_altar,
          grunt_decor_one_mirror, minmay_unequal
D:5:      corexii_shack_village, layout_layer_cave, evilmike_ruin_ashenzari,
          kennysheep_mini, minmay_ogre_servants
D:6:      minmay_klotski, layout_cave_pools,
          lemuel_mausoleum_altar_kikubaaqudgha, uniq_eustachio
D:7:      layout_gridville, minmay_temple_entry_arrows
Temple:   oiseaux_autumnal_temple

Skill      XL: |  1  2  3  4  5  6  7  8  9 |
---------------+----------------------------+-----
Shields        | 4 5 6 7 |  7.0
Long Blades    | 3 4 |  4.4
Fighting       | 4 5 6 |  6.4
Armour         | 4 5 6 7 8 |  8.0
Short Blades   | 1 2 3 |  3.3
Dodging        | 1 2 3 |  3.8
Maces & Flails | 2 4 7 8 |  8.6
Stealth        | 1 |  1.1
Throwing       | 1 |  1.4

Action                     |  1- 3 |  4- 6 |  7- 9 || total
---------------------------+-------+-------+-------++-------
  Melee: Long sword        |    63 |       |       ||    63
         Headbutt          |    14 |    25 |    57 ||    96
         Dagger            |    40 |    76 |       ||   116
         Mace              |       |    59 |   253 ||   312
  Throw: Dart              |       |     4 |    11 ||    15
    Use: Potion            |       |       |     7 ||     7
         Scroll            |       |       |     9 ||     9
 Armour: Scale mail        |    53 |    49 |    91 ||   193
  Dodge: Dodged            |    55 |    96 |   218 ||   369
  Block: Buckler           |    25 |    38 |   122 ||   185
